 Dungeon Crawl Stone Soup version 0.30-a0-374-g95c0257040 (webtiles) character file.

Game seed: 7829132888427429276

1794 Zonian the Thaumaturge (level 9, -3/55 HPs)
             Began as a Djinni Ice Elementalist on Nov 25, 2022.
             Was an Initiate of Ashenzari.
             Slain by a hornet (16 damage)
             ... on level 7 of the Dungeon.
             The game lasted 00:23:07 (7599 turns).

Zonian the Thaumaturge (Djinni Ice Elementalist)    Turns: 7599, Time: 00:23:08

Health: -3/55      AC:  3    Str: 10    XL:     9   Next: 30%
Gold:   324        EV: 17    Int: 21    God:    Ashenzari [......] SH:  0 Dex: 11

rFire   + + .      SeeInvis .    o - +7 quarterstaff "Otas Qei" {speed, rN+++ rCorr Str+3 Dex-3}
rCold   x . .      Faith    .    (shield currently unavailable)
rNeg    + + +      Spirit   .    a - +1 robe
rPois   ∞          Reflect  .    (no helmet)
rElec   .          Harm     .    (no cloak)
rCorr   +          Rampage  .    (no gloves)
Will    .....                    (boots unavailable)
Stlth   ++........               (no amulet)
HPRegen 0.29/turn                k - ring "Sun of the Distant Sage" {Wiz, Melee, Cun} (curse)
MPRegen 0.00/turn                q - +4 ring of evasion

@: freezing walls, flying
A: sickness immunity, fire resistance 2, cold vulnerability 1, float, innate
caster, HP casting, extra vitality 1
a: Renounce Religion, Shatter the Chains


You were on level 7 of the Dungeon.
You worshipped Ashenzari.
Ashenzari was noncommittal.
You visited 2 branches of the dungeon, and saw 8 of its levels.

You collected 324 gold pieces.

Inventory:

Hand Weapons
 c - a +0 short sword of flaming
 m - the +8 quarterstaff "Pirruf" {holy, Dex+2}
   (You found it on level 4 of the Dungeon)

   It has been blessed by the Shining One to cause great damage to the undead
   and demons.
   Dex:       It affects your dexterity (+2).
 o - the +7 quarterstaff "Otas Qei" (weapon) {speed, rN+++ rCorr Str+3 Dex-3}
   (You found it on level 3 of the Dungeon)

   Attacks with this weapon are significantly faster.
   Str:       It affects your strength (+3).
   Dex:       It affects your dexterity (-3).
   rN:        It renders you almost immune to negative energy.
   rCorr:     It protects you from acid and corrosion.
Missiles
 j - 11 poisoned darts
Armour
 a - a +1 robe (worn)
Jewellery
 e - a ring of positive energy
 k - the cursed ring "Sun of the Distant Sage" (left hand) {Wiz, Melee, Cun}
   (You found it on level 3 of the Dungeon)

   [ring of wizardry]

   It improves your spell success rate.
   It has a curse which improves the following skills: Melee Combat: Short
   Blades, Long Blades, Axes, Maces & Flails, Polearms, Staves and Unarmed
   Combat.
   Cunning:   Dodging and Stealth.
 q - a +4 ring of evasion (right hand)
 x - a ring of willpower
Scrolls
 t - a scroll of blinking
 v - 2 scrolls of enchant armour
 w - 2 scrolls of fog
Potions
 b - 3 potions of ambrosia
 d - 3 potions of cancellation
 f - a potion of might {unknown}
 g - 3 potions of curing {unknown}
 h - 2 potions of magic {unknown}
 i - a potion of degeneration {unknown}
 l - a potion of resistance {unknown}
 n - 2 potions of heal wounds {unknown}
 p - 2 potions of mutation
 r - a potion of flight {unknown}
 s - a potion of lignification {unknown}
 u - a potion of berserk rage {unknown}


   Skills:
 - Level 4.5(4.9) Dodging
 - Level 3.6(4.0) Stealth
 + Level 8.5 Spellcasting


You had 5 spell levels left.
You knew the following spells:

 Your Spells              Type           Power      Damage    Failure   Level
a - Freeze                Ice            100%       1d10      1%          1
b - Frozen Ramparts       Ice            90%        1d14      1%          3
c - Ozocubu's Armour      Ice            45%        N/A       1%          3
d - Summon Ice Beast      Ice/Summ       45%        N/A       1%          4
e - Magic Dart            Conj           100%       1d8       1%          1
f - Ensorcelled Hibernat  Hex/Ice        90%        N/A       1%          2
g - Teleport Other        Tloc           45%        N/A       1%          3
h - Swiftness             Air            45%        N/A       1%          3
Your spell library was empty.

Dungeon Overview and Level Annotations

Branches:
Dungeon (7/15)             Temple (1/1) D:5

Altars:
Ashenzari
Cheibriados
Dithmenos
Elyvilon
Fedhas
Hepliaklqana
Nemelex Xobeh
Okawaru
Ru
Uskayaw
Wu Jian
Xom
Zin

Annotations:
D:7 Joseph


Innate Abilities, Weirdness & Mutations

You are immune to sickness and miasma.
You are immune to poison.
Your flesh is very heat resistant. (rF++)
You are vulnerable to cold. (rC-)
You float through the air rather than walking.
You learn spells naturally, not from books.
Your magical power is your life essence.
You have superior vitality. (+4 MHP)


Message History

a +0 flail; a +0 chain mail; 7 gold pieces
Items here: $ ( ) = [.
Casting: Ensorcelled Hibernation (safe; 1% risk of failure)
Confirm with . or Enter, or press ? or * to list all spells.
Casting: Frozen Ramparts (safe; 1% risk of failure)
Press: ? - help, Dir - look around, f - activate The walls around you are covered in ice.
The wall freezes the hornet.
The hornet misses you.
The wall freezes the hornet.
The hornet barely misses you.
Unknown command.
Casting: Frozen Ramparts (safe; 1% risk of failure)
Confirm with . or Enter, or press ? or * to list all spells.
Aiming: Teleport Other (safe; 1% risk of failure)
Press: ? - help, Shift-Dir - straight line, f - hornet
Aim: a hornet (moderately wounded, chance to affect: 71%)
The hornet struggles to resist.
* * * LOW HITPOINT WARNING * * *
The wall freezes the hornet but does no damage.
The hornet barely misses you.
You aren't carrying any items that you can evoke.
Unknown command.
Okay, then.
Okay, then.
Okay, then.
You sock the hornet!
The hornet is heavily wounded.
The wall freezes the hornet.
The hornet stings you.
* * * LOW HITPOINT WARNING * * *
The wall freezes the hornet but does no damage.
The hornet closely misses you.
Unknown command.
You miss the hornet.
The hornet is severely wounded.
You hear the hiss of an avalanche of sand.
The wall freezes the hornet.
The hornet misses you.
Unknown command.
You closely miss the hornet.
The hornet is almost dead.
The wall freezes the hornet.
The hornet stings you!
You die...

#.....######### .....
........# ##### #...#
.......#### .....##@..#
..........
......#...######......>.
........................
#...######........
#y...[............
#@##<#.########### ∩
#.####.# #)......
#......# #.######
######## #.# #.# #.# #.#
#.# #.#


You could see Joseph and a hornet.

Vanquished Creatures
  A water moccasin (D:6)
  2 orc warriors
  An ice beast (D:7)
  2 ogres (D:5)
  A phantom (D:5)
  A bullfrog (D:6)
  A kobold brigand (D:7)
  A necrophage (D:7)
  3 scorpions (D:6)
  3 wights (D:6)
  3 orc priests (D:5)
  2 hounds
  A jelly (D:6)
  6 orc wizards
  5 adders
  A shadow imp (D:6)
  2 white imps
  An ufetubus (D:6)
  2 worms
  3 dart slugs
  30 orcs
  6 ball pythons
  4 endoplasms
  5 giant cockroaches
  9 goblins
  10 hobgoblins
  4 jackals (D:5)
  10 kobolds
  3 quokkas
  3 bats
  2 frilled lizards
  8 rats
136 creatures vanquished.

Vanquished Creatures (collateral kills)
  2 wights (D:6)
2 creatures vanquished.

Vanquished Creatures (others)
  11 plants (D:5)
11 creatures vanquished.

Grand Total: 149 creatures vanquished

Notes
Turn   | Place    | Note
-------+----------+-------------------------------------------
     0 | D:1      | Zonian the Djinni Ice Elementalist began the quest for the
                  | Orb.
     0 | D:1      | Zonian set off with the following spells memorised: Freeze,
                  | Frozen Ramparts, Ozocubu's Armour, Summon Ice Beast.
     0 | D:1      | Reached XP level 1. HP: 15/15 MP: 0/0
   119 | D:1      | Reached XP level 2. HP: 12/21 MP: 0/0
   680 | D:1      | You are sucked into a shaft and drop 1 floor!
   726 | D:2      | Reached XP level 3. HP: 18/25 MP: 0/0
   726 | D:2      | Learned a level 1 spell: Magic Dart
  1670 | D:2      | Reached XP level 4. HP: 9/31 MP: 0/0
  2738 | D:3      | Identified the +7 quarterstaff "Otas Qei" {speed, rN+++
                  | rCorr Str+3 Dex-3}
  3456 | D:4      | Reached XP level 5. HP: 31/35 MP: 0/0
  3456 | D:4      | Learned a level 2 spell: Ensorcelled Hibernation
  3488 | D:4      | Identified the +8 quarterstaff "Pirruf" {holy, Dex+2}
  3702 | D:4      | Reached skill level 4 in Spellcasting
  3949 | D:5      | Entered Level 5 of the Dungeon
  3969 | D:5      | Found a staircase to the Ecumenical Temple.
  4030 | D:5      | Noticed a phantom
  4039 | D:5      | Noticed a phantom
  4086 | D:5      | Noticed an ogre
  4105 | Temple   | Entered the Ecumenical Temple
  4314 | Temple   | Became a worshipper of Ashenzari the Shackled
  4349 | D:5      | Killed an ogre
  4350 | D:5      | Reached XP level 6. HP: 6/40 MP: 0/0
  4673 | D:5      | Reached XP level 7. HP: 42/45 MP: 0/0
  4673 | D:5      | Learned a level 3 spell: Teleport Other
  4830 | D:5      | Reached skill level 5 in Spellcasting
  5627 | D:6      | Reached XP level 8. HP: 48/50 MP: 0/0
  5687 | D:6      | Reached skill level 6 in Spellcasting
  6331 | D:6      | Reached skill level 7 in Spellcasting
  7102 | D:6      | Reached XP level 9. HP: 47/55 MP: 0/0
  7102 | D:6      | Learned a level 3 spell: Swiftness
  7378 | D:7      | Reached skill level 8 in Spellcasting
  7585 | D:7      | Noticed a hornet
  7588 | D:7      | Noticed Joseph
  7599 | D:7      | Slain by a hornet

Illustrated notes

Levels and vault maps discovered:
D:1:      dpeg_arrival_tiny_g, layout_basic, grunt_decor_cap
D:2:      layout_basic
D:3:      layout_loops_cross
D:4:      layout_basic, lemuel_crystal_altar,
          eino_small_chamber_without_monster, minmay_vboxes
D:5:      layout_cave_pools, minmay_temple_entry_enclosed_plants,
          minmay_misc_feat_columns, minivault_19
D:6:      layout_basic
D:7:      layout_basic, nicolae_ossuary_entry_plus, serial_shops,
          nicolae_shop_stone, uniq_joseph
Temple:   mainiacjoe_temple_cubbyholes

Skill      XL: |  1  2  3  4  5  6  7  8  9 |
---------------+----------------------------+-----
Stealth        | 2 3 |  3.6
Dodging        | 3 4 |  4.5
Spellcasting   | 4 5 7 8 |  8.5

Action                   |  1- 3 |  4- 6 |  7- 9 || total
-------------------------+-------+-------+-------++-------
Melee: Unarmed           |     5 |       |       ||     5
       Short sword       |     9 |     9 |       ||    18
       Quarterstaff      |       |    49 |    96 ||   145
       Punch             |       |     1 |       ||     1
 Cast: Freeze            |    46 |    21 |       ||    67
       Magic Dart        |     3 |    45 |    74 ||   122
       Frozen Ramparts   |       |     5 |    12 ||    17
       Ensorcelled Hiber |       |     1 |     6 ||     7
       Ozocubu's Armour  |       |     1 |     5 ||     6
       Summon Ice Beast  |       |       |     6 ||     6
       Teleport Other    |       |       |     3 ||     3
Invok: Curse Item        |       |       |     1 ||     1
  Use: Scroll            |       |    12 |     2 ||    14
 Stab: Sleeping          |       |       |     5 ||     5
Armor: Robe              |     7 |    12 |     7 ||    26
Dodge: Dodged            |    24 |    35 |    69 ||   128

Table legend: (Time is in decaauts)
 A = Elapsed time spent in this place.
 B = Non-inter-level travel time spent in this place.
 C = Inter-level travel time spent in this place.
 D = Time resting spent in this place.
 E = Time spent auto-exploring this place.
 F = Levels seen in this place.
 G = Mean time per level.
                   A        B        C        D        E       F      G
               +--------+--------+--------+--------+--------+-----+--------+
         Total |   7576 |   7313 |    263 |   2087 |   3752 |   8 |  947.0 |
       Dungeon |   7342 |   7103 |    239 |   2087 |   3556 |   7 | 1048.9 |
        Temple |    233 |    209 |     24 |      0 |    196 |   1 |  233.0 |
               +--------+--------+--------+--------+--------+-----+--------+

Top non-repeatable levels by time:
     D:6: 1818 daAuts
     D:5: 1326 daAuts
     D:1: 1208 daAuts
     D:2: 1108 daAuts
     D:4: 940 daAuts
     D:3: 685 daAuts
     D:7: 254 daAuts
  Temple: 233 daAuts
